 Dungeon Crawl Stone Soup version 0.23-a0-577-g2b1de94 (webtiles) character file.

19145 tilp the Severer (level 12, -13/89 HPs)
             Began as a Demonspawn Abyssal Knight on Dec 14, 2018.
             Was a High Priest of Lugonu.
             Mangled by an orc warrior
             ... wielding a +0 mace
             ... led by an orc warlord
              (20 damage)
             ... on level 1 of the Orcish Mines.
             The game lasted 00:48:01 (18395 turns).

tilp the Severer (Demonspawn Abyssal Knight)       Turns: 18395, Time: 00:48:02

Health: -13/89     AC: 15    Str: 20    XL:     12   Next: 33%
Magic:  0/17       EV:  7    Int: 17    God:    Lugonu [*****.]
Gold:   180        SH:  0    Dex: 17    Spells: 11/11 levels left

rFire    x . .     SeeInvis .   h - +0 war axe
rCold    + . .     Gourm    .   (no shield)
rNeg     . . .     Faith    .   B - +0 plate armour
rPois    .         Spirit   +   (helmet restricted)
rElec    +         Reflect  .   s - +2 cloak
rCorr    .         Harm     .   A - +1 pair of gloves
MR       .....                  (no boots)
Stlth    ..........             (no amulet)
HPRegen  0.24/turn              f - ring of ice
MPRegen  0.30/turn              e - ring "Pairph" {Int+2 Slay+3 Stlth+}

@: no status effects
A: hooves 1, horns 1, thin skeletal structure 2, clever 1, electricity
resistance, spiny 1, strong 1, magic shield, magic regeneration
a: Depart the Abyss, Bend Space, Banish, Corrupt, Enter the Abyss, Renounce
Religion


You were on level 1 of the Orcish Mines.
You worshipped Lugonu.
Lugonu was extremely pleased with you.
You were hungry.

You visited 3 branches of the dungeon, and saw 15 of its levels.
You visited the Abyss 1 time.

You collected 989 gold pieces.
You spent 809 gold pieces at shops.

Inventory:

Hand Weapons
 a - a +1 hand axe
 h - a +0 war axe (weapon)
Missiles
 i - 5 tomahawks (quivered)
Armour
 s - a +2 cloak (worn)
 y - a scarf of repulsion
 A - a +1 pair of gloves (worn)
 B - a +0 plate armour (worn)
 D - a +0 shield of reflection
Jewellery
 e - the ring "Pairph" (right hand) {Int+2 Slay+3 Stlth+}
   (You bought it in a shop on level 8 of the Dungeon)

   [ring of slaying]

   It affects your intelligence (+2).
   It affects your accuracy and damage with ranged weapons and melee attacks
   (+3).
   It makes you more stealthy.
 f - a ring of ice (left hand)
 g - an uncursed ring of protection from fire
 t - an uncursed ring of protection from magic
Wands
 d - a wand of polymorph (9)
 I - a wand of acid (5)
Scrolls
 j - a scroll of silence {unknown}
 k - 2 scrolls of amnesia
 l - 4 scrolls of blinking
 n - a scroll of torment {unknown}
 p - a scroll of identify
 r - 2 scrolls of enchant weapon {unknown}
 u - a scroll of immolation
 v - 2 scrolls of fear
 x - a scroll of remove curse
 E - a scroll of magic mapping {unknown}
Potions
 b - 3 potions of curing
 o - 2 potions of brilliance
 q - a potion of ambrosia
 w - a potion of resistance
 C - a potion of agility
 H - 2 potions of flight
Miscellaneous
 F - a lightning rod (4/4)
Comestibles
 c - 19 rations


   Skills:
 + Level 6.4 Fighting
 - Level 16.0 Axes
 - Level 1.7 Armour
 - Level 4.1 Dodging
 + Level 7.8 Invocations


You had 11 spell levels left.
You didn't know any spells.
Your spell library was empty.

Dungeon Overview and Level Annotations

Branches:
Dungeon (12/15)            Temple (0/1) D:7            Lair (2/6) D:10
  Swamp (0/4) Lair:2          Orc (1/2) D:10
  Snake: Lair:2-4    Spider: Lair:2-4

Altars:
Ashenzari
Cheibriados
Dithmenos
Makhleb
Nemelex Xobeh
Ru
Sif Muna
Trog
Vehumet
Xom
Zin
The Shining One
Jiyva

Shops:
D:7 (   D:8 =   D:11 *

Annotations:
D:8 7 runed doors, nikopol's ghost, novice MiBe
D:9 !2 death yaks


Innate Abilities, Weirdness & Mutations

You have large cloven feet.
You have a moderately thin skeletal structure. (Dex +4, Stealth+)
You are partially covered in sharp spines.
When hurt, damage is shared between your health and your magic reserves.
You regenerate magic rapidly.
You have a pair of small horns on your head.
Your mind is acute. (Int +2)
You are resistant to electric shocks. (rElec)
Your muscles are strong. (Str +2)


Message History

Magic courses through your body. The orc warrior barely misses you.
The orc warlord hits you with a +2 long sword of freezing!
* * * LOW HITPOINT WARNING * * *
The orc warlord freezes you.
* * * LOW HITPOINT WARNING * * *
The orc warrior hits you but does no damage.
Unknown command.
Press: ? - help, Shift-Dir - straight line, f/p - orc warlord
Aim: an orc warlord, wielding a +2 long sword of freezing and wearing a +4 The orc warlord resists with almost no effort.
You are feeling hungry.
The orc warrior hits you from afar with a +0 halberd.
* * * LOW HITPOINT WARNING * * *
The orc warlord hits you but does no damage.
Press: ? - help, Shift-Dir - straight line, f/p - orc warlord
Aim: an orc warlord, wielding a +2 long sword of freezing and wearing a +4 The orc warlord resists with almost no effort.
You feel somewhat more hungry.
The orc warrior hits you with a +0 mace!!
You die...

########### ###
#...#...#.#######.##
.......))....#.....##
....#[<>[....3......##
.....[[......4oo.....###
................o......##
...........##.oo)3......##
..#.......####.##o..##...#
..........# ###@o..###.##
########### #####.#### ###


You could see an orc warlord, a soul eater and an orc warrior.

Vanquished Creatures
  Fannar (D:10)
  2 two-headed ogres
  A death yak (D:9)
  An ugly thing (D:10)
  2 orc knights
  A cyclops (D:11)
  Joseph (D:8)
  A black mamba (Lair:1)
  A gargoyle (D:12)
  2 centaur skeletons
  2 spiny frogs (Lair:1)
  A queen bee (D:10)
  4 blink frogs (Lair:2)
  A tyrant leech (Lair:2)
  3 hippogriffs
  A wyvern (D:7)
  A basilisk (Lair:2)
  15 yaks
  A hungry ghost (D:8)
  2 wargs (Orc:1)
  2 water moccasins (Lair:2)
  2 hell hounds (D:10)
  11 orc warriors
  2 ice beasts (D:10)
  5 phantoms
  A sky beast (D:9)
  A black bear (D:9)
  A necrophage (D:5)
  5 centaurs
  6 ogres
  6 wolves (Lair:1)
  2 crocodiles (Lair:2)
  A big kobold (D:9)
  Blork the orc (D:5)
  8 bullfrogs
  A gnoll sergeant (D:10)
  A wyvern skeleton (D:11)
  17 killer bees
  3 scorpions
  3 wights (D:12)
  5 howler monkeys
  7 crimson imps
  4 bullfrog zombies
  4 hounds
  A quasit (D:11)
  2 jellies
  12 orc priests
  13 orc wizards
  A bullfrog skeleton (D:10)
  An iguana (D:8)
  11 worker ants
  A hound zombie (D:11)
  2 hound skeletons
  A howler monkey zombie (D:9)
  12 adders
  10 gnolls
  3 shadow imps
  2 oozes
  2 adder skeletons (D:5)
  An adder zombie (D:6)
  4 worms
  2 dart slugs
  7 leopard geckos
  52 orcs
  2 giant cockroaches (D:3)
  6 goblins
  9 hobgoblins
  16 jackals
  12 kobolds
  3 quokkas
  6 bats
  4 frilled lizards
  2 leopard gecko skeletons
  A leopard gecko zombie (D:5)
  8 rats
352 creatures vanquished.

Vanquished Creatures (others)
  An orc warlord (Orc:1)
  An orc (Orc:1)
  4 fungi (Lair:2)
6 creatures vanquished.

Grand Total: 358 creatures vanquished

Notes
Turn   | Place    | Note
-------+----------+-------------------------------------------
     0 | Abyss:1  | tilp the Demonspawn Abyssal Knight began the quest for the
                  | Orb.
     0 | Abyss:1  | Reached XP level 1. HP: 18/18 MP: 2/2
    53 | Abyss:1  | Noticed a rakshasa
    54 | D:1      | Escaped the Abyss
   118 | D:1      | Reached skill level 2 in Axes
   260 | D:1      | Reached * piety under Lugonu
   308 | D:1      | Gained mutation: When hurt, damage is shared between your
                  | health and your magic reserves. [demonic ancestry]
   308 | D:1      | Reached XP level 2. HP: 24/24 MP: 3/3
   743 | D:2      | Found a sparkling altar of Nemelex Xobeh.
   817 | D:2      | Reached skill level 3 in Axes
  1015 | D:2      | Gained mutation: You have large cloven feet. [demonic
                  | ancestry]
  1015 | D:2      | Reached XP level 3. HP: 29/29 MP: 4/4
  1067 | D:2      | Found a snail-covered altar of Cheibriados.
  1501 | D:3      | Reached ** piety under Lugonu
  1501 | D:3      | Reached XP level 4. HP: 8/35 MP: 5/5
  1796 | D:3      | Reached skill level 4 in Axes
  2034 | D:3      | Gained mutation: You have a pair of small horns on your
                  | head. [potion of mutation]
  2034 | D:3      | Gained mutation: You are resistant to electric shocks.
                  | (rElec) [potion of mutation]
  2034 | D:3      | Gained mutation: Your mind is acute. (Int +2) [potion of
                  | mutation]
  2034 | D:3      | Gained mutation: Your muscles are strong. (Str +2) [potion
                  | of mutation]
  2062 | D:3      | Gained mutation: You regenerate magic rapidly. [demonic
                  | ancestry]
  2062 | D:3      | Reached XP level 5. HP: 13/41 MP: 2/6
  2485 | D:3      | Found a shimmering altar of Xom.
  2802 | D:4      | Reached skill level 5 in Axes
  2821 | D:4      | Found a shimmering altar of Xom.
  2821 | D:4      | Noticed an angel
  2822 | D:4      | Found a glowing silver altar of Zin.
  3232 | D:4      | Found a shadowy altar of Dithmenos.
  3303 | D:4      | Found a sacrificial altar of Ru.
  3315 | D:4      | Reached XP level 6. HP: 47/47 MP: 7/7
  3399 | D:4      | Reached skill level 6 in Axes
  3413 | D:4      | Reached *** piety under Lugonu
  3899 | D:4      | Reached skill level 7 in Axes
  3899 | D:4      | Reached XP level 7. HP: 33/52 MP: 4/8
  4256 | D:5      | Entered Level 5 of the Dungeon
  4456 | D:5      | Noticed a troll
  4556 | D:5      | Noticed Blork the orc
  4568 | D:5      | Killed Blork the orc
  4808 | D:5      | Found a radiant altar of Vehumet.
  4809 | D:5      | Found a burning altar of Makhleb.
  4818 | D:5      | Reached skill level 8 in Axes
  5108 | D:6      | Found a glowing golden altar of the Shining One.
  5116 | D:6      | Found a deep blue altar of Sif Muna.
  5225 | D:6      | Reached **** piety under Lugonu
  5231 | D:6      | Gained mutation: You have a somewhat thin skeletal
                  | structure. (Dex +2, Stealth) [demonic ancestry]
  5231 | D:6      | Reached XP level 8. HP: 43/58 MP: 7/9
  5480 | D:6      | Found a shattered altar of Ashenzari.
  5757 | D:7      | Noticed a hippogriff
  5855 | D:7      | Reached skill level 9 in Axes
  6107 | D:7      | Killed a hippogriff
  6107 | D:7      | Reached skill level 10 in Axes
  6230 | D:7      | Found a staircase to the Ecumenical Temple.
  6485 | D:7      | Gained mutation: You are partially covered in sharp spines.
                  | [demonic ancestry]
  6485 | D:7      | Reached XP level 9. HP: 27/63 MP: 5/10
  6698 | D:7      | Reached skill level 11 in Axes
  7143 | D:7      | Found Xaos's Weapon Shoppe.
  7149 | D:7      | Bought a +0 war axe for 42 gold pieces
  7422 | D:7      | Reached skill level 12 in Axes
  7657 | D:8      | Found a runed gate.
  7658 | D:8      | Found a runed gate.
  7658 | D:8      | Found a runed gate.
  7661 | D:8      | Found a viscous altar of Jiyva.
  7661 | D:8      | Noticed nikopol's ghost (novice MiBe)
  7674 | D:8      | Found a huge runed gate.
  7675 | D:8      | Found a huge runed gate.
  7675 | D:8      | Noticed a manticore
  7676 | D:8      | Noticed a polar bear
  7676 | D:8      | Found a huge runed gate.
  7677 | D:8      | Noticed a death yak
  7677 | D:8      | Found a huge runed gate.
  7833 | D:8      | Found Korhith's Jewellery Shop.
  8087 | D:8      | Noticed Joseph
  8110 | D:8      | Killed Joseph
  8390 | D:8      | Gained mutation: You have a moderately thin skeletal
                  | structure. (Dex +4, Stealth+) [demonic ancestry]
  8390 | D:8      | Reached XP level 10. HP: 69/70 MP: 11/11
  8663 | D:9      | Reached skill level 13 in Axes
  8700 | D:9      | Reached ***** piety under Lugonu
  9009 | D:9      | Found a bloodstained altar of Trog.
  9200 | D:10     | Entered Level 10 of the Dungeon
  9241 | D:10     | Noticed a death yak
  9489 | D:10     | Reached skill level 14 in Axes
  9514 | D:10     | Noticed a death yak
  9516 | D:10     | Noticed a death yak
  9740 | D:9      | Killed a death yak
 10093 | D:10     | Found a staircase to the Lair.
 10268 | D:10     | Noticed a two-headed ogre
 10275 | D:10     | Killed a two-headed ogre
 10570 | D:10     | Reached XP level 11. HP: 16/75 MP: 2/12
 10820 | D:10     | Found a staircase to the Orcish Mines.
 11167 | D:10     | Reached skill level 15 in Axes
 11205 | D:10     | Noticed Fannar
 11380 | D:10     | Killed Fannar
 12102 | D:11     | Noticed a two-headed ogre
 12127 | D:11     | Noticed a red ugly thing
 12140 | D:10     | Killed a red ugly thing
 12727 | D:11     | Reached ****** piety under Lugonu
 12949 | D:11     | Killed a two-headed ogre
 13110 | D:11     | Found Qyesmib's General Store.
 13263 | D:12     | Noticed a green ugly thing
 13458 | D:12     | Reached skill level 16 in Axes
 13596 | D:12     | Reached skill level 1 in Dodging
 13668 | D:12     | Noticed a green ugly thing
 13823 | Orc:1    | Entered Level 1 of the Orcish Mines
 14177 | Orc:1    | Noticed an orc knight
 14178 | Orc:1    | Noticed an orc knight
 14231 | Lair:1   | Entered Level 1 of the Lair of Beasts
 14315 | D:8      | Bought the ring "Pairph" {Int+2 Slay+3 Stlth+} for 767 gold
                  | pieces
 14542 | Lair:1   | Noticed a five-headed hydra
 15788 | Lair:2   | Noticed a six-headed hydra
 15848 | Lair:2   | Reached skill level 5 in Invocations
 15865 | Lair:2   | Reached XP level 12. HP: 15/84 MP: 5/15
 16289 | Lair:2   | Found a staircase to the Swamp.
 16322 | Lair:2   | Reached skill level 5 in Fighting
 16478 | Lair:2   | Noticed an eight-headed hydra
 17675 | Orc:1    | Noticed an orc warlord
 17702 | Orc:1    | Banished an orc warlord
 18126 | Orc:1    | Noticed an orc warlord
 18369 | Orc:1    | Paralysed by an orc sorcerer for 5 turns
 18395 | Orc:1    | Mangled by an orc warrior

Vault maps used:
D:1:      shiori_arrival_oz, st_stairs_7, supply_closet_lemuel
D:2:      kennysheep_six_static_rooms, nemelex_altar_shiori,
          cheibriados_altar_1, hex_large
D:3:      first_ration, tgw_xom
D:4:      grunt_temple_overflow_order_and_chaos_1,
          nicolae_dithmenos_shadow_blocks, nicolae_ru_great_annihilating_truth
D:5:      grunt_temple_overflow_lords_of_destruction, uniq_blork_the_orc
D:6:      tso_metal_star, nicolae_overflow_hidden_temple, kennysheep_mini,
          amethyst_killhole
D:7:      minmay_temple_entry_junction, serial_shops, shop,
          kennysheep_generic_room_16
D:8:      lemuel_bear_cage, serial_shops, shop, gammafunk_ghost_ooze,
          uniq_joseph
D:9:      overflow_temple_1_default
D:10:     dpeg_lair_monsters, hiddenorc2_lemuel, david_nohive_1,
          grunt_ministairs_7, minmay_rotating_lava, uniq_fannar
D:11:     serial_shops, kennysheep_little_box, kennysheep_doodads
D:12:     serial_shops, shop, basic_altar, minmay_increasing_density
Lair:1:   minmay_holes, nicolae_quartered_pool_super,
          chequers_serial_rivers_small_b
Lair:2:   minmay_swamp_entry_worms
Orc:1:    minmay_orc_treasury, uniq_harold
Abyss:1:  serial_sigils_hangedman_shear

Skill      XL: |  1  2  3  4  5  6  7  8  9 10 11 12 |
---------------+-------------------------------------+-----
Axes           | 2 3 4 5 7 8 10 12 14 16 | 16.0
Dodging        | 4 |  4.1
Invocations    | 5 7 |  7.8
Fighting       | 4 6 |  6.4
Armour         | |  1.7

Action                   |  1- 3 |  4- 6 |  7- 9 | 10-12 || total
-------------------------+-------+-------+-------+-------++-------
Melee: Hand axe          |   104 |   165 |   285 |       ||   554
       Kick              |     6 |    40 |   100 |   225 ||   371
       Headbutt          |       |    26 |    72 |   132 ||   230
       War axe           |       |       |    93 |   585 ||   678
Throw: Stone             |       |     1 |    13 |     4 ||    18
       Tomahawk          |       |       |       |    10 ||    10
Invok: Depart the Abyss  |     1 |       |       |       ||     1
       Bend Space        |       |       |       |    13 ||    13
       Banish            |       |       |       |     8 ||     8
Evoke: Wand              |       |       |       |     8 ||     8
  Use: Potion            |     1 |     2 |     4 |    12 ||    19
       Scroll            |       |     4 |     7 |     9 ||    20
 Stab: Paralysed         |       |     1 |       |       ||     1
  Eat: Chunk             |     2 |     8 |    15 |    17 ||    42
       Ration            |       |       |       |     5 ||     5
Armor: Chain mail        |    89 |   114 |    63 |       ||   266
       Plate armour      |       |       |    86 |   290 ||   376
       Skin              |       |       |    52 |       ||    52
Dodge: Dodged            |    35 |    57 |    94 |   132 ||   318

Table legend:
 A = Non-vault XP
 B = Vault XP
 C = Vault XP percentage of total XP
 D = Non-vault monster count
 E = Vault monster count
 F = Vault count percentage of total count
                 A         B        C        D         E       F
            +---------+---------+-------+---------+---------+-------
      Total |   18498 |    8852 |  32.4 |     259 |      94 |  26.6
            +---------+---------+-------+---------+---------+-------
        D:1 |      18 |       4 |  18.2 |      10 |       2 |  16.7
        D:2 |      24 |      15 |  38.5 |      14 |       6 |  30.0
        D:3 |     124 |      37 |  23.0 |      17 |       6 |  26.1
        D:4 |     538 |      40 |   6.9 |      20 |       4 |  16.7
        D:5 |     187 |     151 |  44.7 |      17 |       3 |  15.0
        D:6 |     375 |       0 |   0.0 |      18 |       0 |   0.0
        D:7 |    2691 |      80 |   2.9 |      36 |       2 |   5.3
        D:8 |     792 |     455 |  36.5 |      12 |       1 |   7.7
        D:9 |    1575 |    1328 |  45.7 |      25 |       6 |  19.4
       D:10 |    2488 |    4012 |  61.7 |      21 |      52 |  71.2
       D:11 |    2733 |       0 |   0.0 |      22 |       0 |   0.0
       D:12 |     792 |      40 |   4.8 |       9 |       1 |  10.0
     Lair:1 |    3630 |       0 |   0.0 |      18 |       0 |   0.0
     Lair:2 |    2096 |     277 |  11.7 |      11 |       1 |   8.3
      Orc:1 |     435 |    2413 |  84.7 |       9 |      10 |  52.6
            +---------+---------+-------+---------+---------+-------
